 Dungeon Crawl Stone Soup version 0.27-a0-1188-g73eefd5def (webtiles) character file.

Game seed: 8634749687486599323

9 Sobieck the Poker (level 2, 0/24 HPs)
             Began as a Merfolk Monk on May 21, 2021.
             Was a Believer of Trog.
             Slain by an iguana (12 damage)
             ... on level 2 of the Dungeon.
             The game lasted 00:01:04 (718 turns).

Sobieck the Poker (Merfolk Monk)                     Turns: 718, Time: 00:01:04

Health: 0/24       AC:  5    Str: 17    XL:     2   Next: 12%
Magic:  2/2        EV: 12    Int:  9    God:    Trog [**....]
Gold:   14         SH:  0    Dex: 16    Spells: 1/1 levels left

rFire    . . .     SeeInvis .   a - +0 spear {polearm}
rCold    . . .     Faith    .   (no shield)
rNeg     . . .     Spirit   .   h - +0 ring mail
rPois    .         Reflect  .   (no helmet)
rElec    .         Harm     .   (no cloak)
rCorr    .         Rampage  .   (no gloves)
Will     .....                  (no boots)
Stlth    ++........             (no amulet)
HPRegen  0.08/turn              d - +6 ring of strength
MPRegen  0.08/turn              (no ring)

@: no status effects
A: (nimble swimmer 2), mertail
a: Renounce Religion, Berserk, Trog's Hand


You were on level 2 of the Dungeon.
You worshipped Trog.
Trog was pleased with you.
You visited 1 branch of the dungeon, and saw 2 of its levels.

You collected 14 gold pieces.


Innate Abilities, Weirdness & Mutations

((You are quick and stealthy near water. (Stealth+, EV+, Speed+++)))
Your lower body shifts to a powerful aquatic tail in water.


   Skills:
 - Level 3.2 Fighting
 + Level 4.8 Polearms
 - Level 4.0 Dodging
 + Level 2.7 Stealth


You had one spell level left.
You didn't know any spells.
Your spell library contained the following spells:

 Spells                   Type           Power      Damage    Failure   Level
 Magic Dart               Conj           0%         1d3       58%         1
 Blink                    Tloc           N/A        N/A       75%         2
 Call Imp                 Summ           0%         N/A       75%         2
 Slow                     Hex            0%         N/A       75%         2
 Conjure Flame            Conj/Fire      0%         6-21      92%         3
 Mephitic Cloud           Conj/Pois/Air  0%         N/A       92%         3

Inventory:

Hand Weapons
 a - a +0 spear (weapon) {polearm}
Missiles
 g - 3 datura-tipped darts (quivered) {throwing}
Armour
 b - a +0 robe
 h - a +0 ring mail (worn)
   (You found it on level 1 of the Dungeon)
Jewellery
 d - a +6 ring of strength (left hand)
   (You found it on level 1 of the Dungeon)
Scrolls
 c - 2 scrolls of teleportation {unknown}
 f - a scroll of magic mapping {unknown}
Potions
 e - 2 potions of attraction {unknown}

Dungeon Overview and Level Annotations

Branches:
Dungeon (2/15)

Altars:
Trog

.# ##.# .#### . ...
..... ..######..
...?.. w..J....(
......
.....[..########......
.......<..............
.......#######......(.
..............@l#
.........######.#
....##. .# .... #. ##
..> .. [. ..


You could see an iguana.


Message History

A dart slug comes into view.
There is a faded altar of an unknown god here.
You cannot tell which god this altar belongs to.
Convert to them anyway?
Okay, then.
You cannot tell which god this altar belongs to.
Convert to them anyway?
Trog accepts your prayer! Trog welcomes you!
You can now go berserk at will.
You can now call upon Trog for regeneration and willpower.
A frilled lizard comes into view.
A frilled lizard is nearby!
You reach to attack!
The helpless frilled lizard fails to defend itself.
You hit the frilled lizard.
You kill the frilled lizard!
Trog accepts your kill.
No target in view!
g - 3 datura-tipped darts {throwing} You open the door.
There is an open door here.
A dart slug is nearby!
The dart slug launches a dart at you. The slug dart misses you.
The dart slug launches a dart at you. The slug dart hits you. 😕 HP[-4]
You take 4 damage, and now have 14/18 hp.
MASSIVE DAMAGE!! (PAUSE)
You hit the dart slug. The dart slug launches a dart at you.
The slug dart misses you.
You barely miss the dart slug. 😕 HP[+1]
You hit the dart slug.
You kill the dart slug!
Trog accepts your kill.
You see here a +0 ring mail.
h - a +0 ring mail You start removing your armour.
You continue taking off your +0 robe. x4
You finish taking off your +0 robe.
You start putting on your armour.
You continue putting on your +0 ring mail. x5
You finish putting on your +0 ring mail. 😕 HP[+1] Unknown command.
You pick up a book of Minor Magic {forbidden} and begin reading...
You add the spells Magic Dart, Blink, Call Imp, Slow, Conjure Flame and Mephitic Cloud to your library. 😎 HP[+2]
Your hp is fully restored (18).
You open the door.
There is an open door here.
A rat comes into view.
You hit the rat.
You kill the rat!
Trog accepts your kill.
You have reached level 2! 😎 HP[+6] MP[+1]
You now have 24 max hp (+6).
Your hp is fully restored (24).
Your mp is fully restored (2).
c - 2 scrolls labelled EROHA TEGREWN (gained 1)
An endoplasm comes into view.
The endoplasm quivers.
A rat comes into view.
You puncture the endoplasm!
You kill the endoplasm!
Trog accepts your kill.
A rat is nearby!
You hit the rat.
You kill the rat!
Trog accepts your kill.
No target in view!
No target in view!
You see here a rat corpse.
Found a stone staircase leading down.
No target in view!
(D) Dungeon
Where to? (Enter - D:2, ? - help)
There is a stone staircase leading down here.
You climb downwards.
An iguana comes into view.
There is a stone staircase leading up here.
The helpless iguana fails to defend itself.
You hit the iguana. The iguana bites you. 😕 HP[-2]
You take 2 damage, and now have 22/24 hp.
You hit the iguana but do no damage. The iguana closely misses you.
You hit the iguana. The iguana closely misses you.
You hit the iguana but do no damage. You hit the iguana. The iguana bites you!
* * * LOW HITPOINT WARNING * * *
😨 HP[-10]
You take 10 damage, and now have 12/24 hp.
MASSIVE DAMAGE!! (PAUSE)
You hit the iguana but do no damage.
The iguana bites you but does no damage.
You barely miss the iguana.
The iguana bites you but does no damage.
You hit the iguana but do no damage. The iguana bites you!
Ouch! That really hurt!
You die...

Action                   || total
-------------------------++-------
Melee: Spear             ||    27
 Stab: Sleeping          ||     2
Armor: Robe              ||     1
       Ring mail         ||     2
Dodge: Dodged            ||     8

Levels and vault maps discovered:
D:1:      saegor_arrival_miasma, layout_basic, basic_ecumenical_altar,
          minmay_stone_trees_small, minivault_14, minmay_pentomino_q2
D:2:      layout_rooms

Notes
Turn   | Place    | Note
-------+----------+-------------------------------------------
     0 | D:1      | Sobieck the Merfolk Monk began the quest for the Orb.
     0 | D:1      | Reached XP level 1. HP: 18/18 MP: 1/1
     0 | D:1      | magus.rc [v1.9.6]
   366 | D:1      | Found a faded altar of an unknown god.
   381 | D:1      | Became a worshipper of Trog the Wrathful
   381 | D:1      | Reached * piety under Trog
   381 | D:1      | Reached ** piety under Trog
   514 | D:1      | You pick up a book of Minor Magic {forbidden} and begin
                  | reading...
   514 | D:1      | You add the spells Magic Dart, Blink, Call Imp, Slow,
                  | Conjure Flame and Mephitic Cloud to your library.
   565 | D:1      | Reached XP level 2. HP: 24/24 MP: 2/2
   718 | D:2      | Slain by an iguana

Vanquished Creatures
  A dart slug (D:1)
  2 ball pythons (D:1)
  An endoplasm (D:1)
  A frilled lizard (D:1)
  A kobold (D:1)
  2 rats (D:1)
8 creatures vanquished.

Table legend:
 A = Non-vault XP
 B = Vault XP
 C = Vault XP percentage of total XP
 D = Non-vault monster count
 E = Vault monster count
 F = Vault count percentage of total count
                 A         B        C        D         E       F
            +---------+---------+-------+---------+---------+-------
      Total |      13 |       0 |   0.0 |       8 |       0 |   0.0
            +---------+---------+-------+---------+---------+-------
        D:1 |      13 |       0 |   0.0 |       8 |       0 |   0.0
            +---------+---------+-------+---------+---------+-------

Illustrated notes

Table legend:
 A = Kills in this place as a percentage of kills in entire the game.
 B = Kills by you in this place as a percentage of kills by you in the entire game.
 C = Kills by friends in this place as a percentage of kills by friends in the entire game.
 D = Other kills in this place as a percentage of other kills in the entire game.
 E = Experience gained in this place as a percentage of experience gained in the entire game.
 F = Experience gained in this place divided by the number of levels of this place that you have seen.
                   A       B       C       D       E      F
               +-------+-------+-------+-------+-------+----------------------
         Total | 100.0 | 100.0 |   N/A |   N/A | 100.0 |   6.5
       Dungeon | 100.0 | 100.0 |   N/A |   N/A | 100.0 |   6.5
               +-------+-------+-------+-------+-------+----------------------

Table legend: (Time is in decaauts)
 A = Elapsed time spent in this place.
 B = Non-inter-level travel time spent in this place.
 C = Inter-level travel time spent in this place.
 D = Time resting spent in this place.
 E = Time spent auto-exploring this place.
 F = Levels seen in this place.
 G = Mean time per level.
                   A        B        C        D        E       F      G
               +--------+--------+--------+--------+--------+-----+--------+
         Total |    710 |    699 |     11 |    237 |    370 |   2 |  355.0 |
       Dungeon |    710 |    699 |     11 |    237 |    370 |   2 |  355.0 |
               +--------+--------+--------+--------+--------+-----+--------+

Top non-repeatable levels by time:
     D:1: 700 daAuts
     D:2: 9 daAuts
